 Dungeon Crawl Stone Soup version 0.31-a0-256-g80acddb972 (webtiles) character file.

Game seed: 16805694799530018926

47779 Essalna the Fighter (level 14, -10/156 HPs)
             Began as a Pale Draconian Shapeshifter on July 13, 2023.
             Was the Champion of Qazlal.
             Killed from afar by a will-o-the-wisp (12 damage)
             ... with a foxfire
             ... on level 1 of the Swamp.
             The game lasted 00:35:11 (13850 turns).

Essalna the Fighter (Pale Draconian Shapeshifter)  Turns: 13850, Time: 00:35:12

Health: -10/156    AC: 14    Str: 23    XL:     14   Next: 9%
Magic:  14/14      EV: 17    Int:  9    God:    Qazlal [******]
Gold:   1530       SH:  8    Dex: 19    Spells: 10/13 levels left

rFire   + .          .
                       - Unarmed
rCold   . . .        (shield currently unavailable)
rNeg    . . .        (body armour unavailable)
rPois   .            (helmet currently unavailable)
rElec   .            (cloak currently unavailable)
rCorr   .            (gloves currently unavailable)
SInv    .            (boots currently unavailable)
Will    +....        u - amulet of regeneration
Stlth   +            i - ring of Anekk {AC+4 Dex+3}
HPRegen 1.26/turn    w - +4 ring of slaying
MPRegen 0.14/turn

%: repel missiles
@: snake-form, protected from fire
A: constrict, amphibious, boosted hp, (breathe steam), AC +8, large, unfitting
armour, (cold-blooded), (steam resistance)
a: Renounce Religion, Upheaval, Elemental Force, Disaster Area


You were on level 1 of the Swamp.
You worshipped Qazlal.
Qazlal was exalted by your worship.
You were an enormous anaconda.
You visited 5 branches of the dungeon, and saw 18 of its levels.
You also visited: Sewer and Ice Cave.

You collected 1530 gold pieces.

Inventory:

Missiles
 z - 5 throwing nets
Armour
 F - an orb of wrath
Jewellery
 i - the ring of Anekk (left hand) {AC+4 Dex+3}
   (You found it on level 3 of the Dungeon)

   [ring of protection]

   AC:        It affects your AC (+4).
   Dex:       It affects your dexterity (+3).
 k - a +6 ring of dexterity
 m - a ring of poison resistance
 n - the ring of Noon {Fly rC+ Will+ Str-3}
   (You found it in an ice cave)

   [ring of protection from cold]

   Str:       It affects your strength (-3).
   rC:        It protects you from cold.
   Fly:       It grants you flight.
   Will:      It increases your willpower.
 u - an amulet of regeneration (around neck)
 w - a +4 ring of slaying (right hand)
 J - a ring of magical power
 K - a +4 ring of protection
 P - an amulet of guardian spirit
Talismans
 b - a beast talisman
 E - a beast talisman
 I - a serpent talisman
Wands
 f - a wand of mindburst (11)
 A - a wand of flame (27)
 L - a wand of paralysis (10)
 N - a wand of polymorph (7)
 O - a wand of digging (3)
Scrolls
 d - 4 scrolls of teleportation
 j - 8 scrolls of identify
 l - 2 scrolls of amnesia
 p - 3 scrolls of blinking
 q - 3 scrolls of enchant armour
 s - 4 scrolls of fog
 y - 2 scrolls of poison
 C - a scroll of brand weapon
 D - 2 scrolls of enchant weapon
 G - a scroll of silence
 R - a scroll of fear
Potions
 a - 2 potions of lignification
 c - 4 potions of curing
 e - 2 potions of degeneration {unknown}
 g - 7 potions of brilliance {unknown}
 h - 2 potions of magic {unknown}
 o - 2 potions of resistance {unknown}
 r - 2 potions of haste {unknown}
 t - a potion of heal wounds {unknown}
 v - 2 potions of enlightenment {unknown}
 x - a potion of attraction {unknown}
 B - 2 potions of cancellation {unknown}
 H - 7 potions of ambrosia
 M - a potion of invisibility {unknown}
 Q - a potion of might {unknown}


   Skills:
 + Level 13.8 Fighting
 + Level 11.7 Dodging
 + Level 12.8 Unarmed Combat
 + Level 11.1 Shapeshifting


You had 10 spell levels left.
You knew the following spells:

 Your Spells              Type           Power      Damage    Failure   Level
a - Swiftness             Air            0%         N/A       99%         3

Your spell library contained the following spells:

 Spells                   Type           Power      Damage    Failure   Level
 Apportation              Tloc           0%         N/A       92%         1
 Necrotise                Necr           0%         1d4       92%         1
 Shock                    Conj/Air       0%         1d3       92%         1
 Summon Small Mammal      Summ           0%         N/A       92%         1
 Cigotuvi's Dreadful Rot  Necr/Pois/Air  0%         N/A       96%         2
 Static Discharge         Conj/Air       0%         2-2/arc   96%         2
 Sublimation of Blood     Necr           0%         N/A       96%         2
 Wereblood                Tmut           0%         N/A       96%         2
 Dazzling Flash           Conj/Hex       0%         N/A       99%         3
 Hailstorm                Conj/Ice       0%         3d3       99%         3
 Ignite Poison            Fire/Tmut/Pois 0%         N/A       99%         3
 Airstrike                Air            0%         2d(0-16)  100%        4
 Summon Ice Beast         Ice/Summ       0%         N/A       100%        4
 Summon Lightning Spire   Summ/Air       0%         N/A       100%        4
 Agony                    Necr           0%         N/A       100%        5
 Freezing Cloud           Conj/Ice/Air   0%         6-21      100%        5
 Silence                  Hex/Air        0%         N/A       100%        5
 Simulacrum               Ice/Necr       0%         N/A       100%        6
 Summon Hydra             Summ           0%         N/A       100%        7


Dungeon Overview and Level Annotations

Branches:
Dungeon (10/15)            Temple (1/1) D:4            Lair (5/5) D:10
  Swamp (1/4) Lair:3       Spider (1/4) Lair:2        Slime (0/5) Lair:5
  Sewer (visited)           IceCv (visited)
    Orc: D:9-12

Altars:
Ashenzari
Cheibriados
Dithmenos
Elyvilon
Gozag
Hepliaklqana
Kikubaaqudgha
Makhleb
Nemelex Xobeh
Qazlal
Sif Muna
Trog
Uskayaw
Vehumet
Wu Jian
Xom
Zin
The Shining One
Jiyva

Shops:
D:10 =


Innate Abilities, Weirdness & Mutations

You are an enormous anaconda.
You have a powerful constriction melee attack.
You are amphibious.
Your maximum health is increased.
Your spellcasting is less reliable in this form.
Your armour is entirely melded.
You are incapable of wielding weapons or throwing items.
((You can breathe blasts of scalding, opaque steam.))
((Your pale cyan-grey scales are hard. (AC +8)))
You cannot fit into any form of body armour.
((You are cold-blooded and may be slowed by cold attacks.))
((You are immune to the effects of steam.))


Message History

Your resistance to fire fades away.
You feel protected from physical attacks.
The will-o-the-wisp gestures.
The will-o-the-wisp conjures some foxfire!
An eleionoma comes into view. 2 foxfires come into view.
You catch the helpless foxfire completely off-guard!
You body-slam the foxfire!!
The foxfire is moderately damaged.
The foxfire is engulfed in freezing vapours.
The foxfire hits you!
Your resistance to physical damage fades away.
You feel protected from fire.
* * * LOW HITPOINT WARNING * * *
The foxfire hits you! You resist.
You feel more protected from fire.
* * * LOW HITPOINT WARNING * * *
The will-o-the-wisp misses you.
You enter the shallow water.
The will-o-the-wisp engulfs you.
* * * LOW HITPOINT WARNING * * *
The swamp dragon attacks as you move away!
The swamp dragon misses you. You block the swamp dragon's attack.
The swamp dragon misses you.
The eleionoma hurls a spray of splinters at you.
The spray of wooden splinters hits you.
* * * LOW HITPOINT WARNING * * *
The will-o-the-wisp gestures.
The will-o-the-wisp conjures some foxfire!
The swamp dragon is engulfed in freezing vapours.
The swamp dragon breathes poison at you.
The blast of poison engulfs you!
You are poisoned.
* * * LOW HITPOINT WARNING * * *
2 foxfires come into view.
You feel better. The foxfire hits you! You resist.
You feel more protected from fire.
* * * LOW HITPOINT WARNING * * *
The foxfire hits you! You resist.
You feel more protected from fire.
You die...

♣# ♣♣^# ~>
♣♣♣)♣ .~
♣♣°°♣♣
~~♣.♣♣§vD♣
.~~~~R§°~♣
~~..~~☼vS♣
~~~~~☼♣☼§♣
.§~~.§§○☼♣
~♣§♣○§☼♣☼♣
~~~~~.~~~♣
.....~~~.♣
~§~~....♣
~~~~.~...
~~~~~~~.♣


You could see an eleionoma, a swamp dragon and a will-o-the-wisp.

Vanquished Creatures
  An emperor scorpion (Lair:1)
  The ghost of syranez the Warrior, a journeyman MiCA of Trog (Lair:3)
  A bunyip (Swamp:1)
  A white draconian (IceCv)
  Josephine (Lair:4)
  3 hydras
  A merfolk avatar (Lair:5)
  A two-headed ogre (D:10)
  3 death yaks (Lair:2)
  A skyshark (Lair:5)
  A bog body (Swamp:1)
  Pikel (D:7)
  A harpy (Lair:5)
  3 manticores
  16 elephants
  4 black mambas
  2 ice statues (IceCv)
  2 torpor snails
  11 cane toads
  2 ice devils (Lair:1)
  4 rime drakes (IceCv)
  5 komodo dragons
  4 polar bears
  The ghost of greenbourne the Magician, a novice SpWr (D:5)
  A queen bee (D:10)
  2 hornets (Lair:5)
  A wind drake (Lair:5)
  11 blink frogs
  4 dream sheep (Lair:3)
  2 snapping turtles (Lair:5)
  A slime creature (Lair:5)
  A wyvern (D:8)
  4 wraiths
  41 yaks
  A basilisk (Lair:3)
  5 steam dragons
  6 vampire mosquitoes
  2 swamp worms (Swamp:1)
  13 water moccasins
  2 orc warriors
  6 black bears
  3 ice beasts (D:6)
  A sky beast (D:7)
  12 wolves
  2 centaurs
  2 lemures (D:7)
  2 phantoms (D:6)
  14 bullfrogs
  2 kobold brigands
  5 scorpions
  10 wights
  35 killer bees
  3 lindwurm simulacra (IceCv)
  7 electric eels (Lair:3)
  3 gnoll boudas
  7 komodo dragon simulacra (IceCv)
  11 hounds
  5 orc priests
  4 jellies
  3 iguanas
  An iron imp (D:8)
  A sleepcap (D:7)
  13 orc wizards
  A scorpion zombie (D:4)
  A hound zombie (D:4)
  A howler monkey zombie (D:4)
  18 gnolls
  5 river rats (Sewer)
  8 acid dragon simulacra (IceCv)
  8 adders
  2 shadow imps (D:6)
  A white imp (D:6)
  2 ufetubi (D:5)
  3 steam dragon simulacra (IceCv)
  An adder skeleton (D:4)
  An adder zombie (D:4)
  4 worms
  A dart slug (D:3)
  23 orcs
  6 endoplasms
  4 giant cockroaches
  9 goblins
  8 hobgoblins
  5 jackals
  3 quokkas
  14 ball pythons
  5 bats
  10 frilled lizards
  21 kobolds
  11 rats
  A butterfly (Lair:3)
497 creatures vanquished.

Vanquished Creatures (others)
  15 foxfires (Swamp:1)
15 creatures vanquished.

Grand Total: 512 creatures vanquished

Notes
Turn   | Place    | Note
-------+----------+-------------------------------------------
     0 | D:1      | Essalna the Draconian Shapeshifter began the quest for the
                  | Orb.
     0 | D:1      | Reached XP level 1. HP: 17/17 MP: 1/1
   195 | D:1      | Reached XP level 2. HP: 25/25 MP: 2/2
   789 | D:2      | Reached XP level 3. HP: 25/30 MP: 3/3
  1032 | D:2      | Reached skill level 3 in Fighting
  1129 | D:2      | Reached XP level 4. HP: 28/38 MP: 4/4
  1280 | D:2      | Identified the +3 short sword of Tudifoew {flame, Fragile
                  | rElec MP+9 Str+3}
  1838 | D:3      | Identified the ring of Anekk {AC+4 Dex+3}
  2374 | D:3      | Reached XP level 5. HP: 41/45 MP: 5/5
  2747 | D:4      | Found a staircase to the Ecumenical Temple.
  2764 | Temple   | Entered the Ecumenical Temple
  2783 | Temple   | Became a worshipper of Qazlal Stormbringer
  2874 | D:4      | Reached XP level 6. HP: 52/52 MP: 6/6
  2929 | D:4      | Reached skill level 4 in Fighting
  3419 | D:4      | Found a shimmering blue altar of Sif Muna.
  3687 | D:5      | Entered Level 5 of the Dungeon
  3690 | D:5      | Noticed a water moccasin
  3690 | D:5      | Noticed an ice beast
  3780 | D:6      | Killed an ice beast
  3781 | D:6      | Your scales start taking on a pale cyan-grey colour.
  3781 | D:6      | Reached XP level 7. HP: 45/60 MP: 7/7
  3781 | D:6      | Gained mutation: You are immune to the effects of steam.
                  | [Pale Draconian growth]
  3785 | D:6      | Learned a level 3 spell: Swiftness
  3836 | D:6      | Reached skill level 5 in Fighting
  3852 | D:6      | Reached * piety under Qazlal
  3919 | D:6      | Found a glowing drain.
  3954 | Sewer    | Entered a sewer
  3972 | Sewer    | Reached skill level 5 in Unarmed Combat
  4080 | Sewer    | Reached XP level 8. HP: 64/69 MP: 8/8
  4350 | Sewer    | Reached ** piety under Qazlal
  4633 | D:6      | Reached skill level 5 in Shapeshifting
  4648 | D:6      | Found a burning altar of Makhleb.
  4696 | D:6      | Reached skill level 6 in Fighting
  4696 | D:6      | Reached skill level 5 in Dodging
  4713 | D:6      | Found a hide-covered altar of Uskayaw.
  5096 | D:5      | Reached XP level 9. HP: 78/78 MP: 9/9
  5149 | D:5      | Found an ornate altar of the Wu Jian Council.
  5303 | D:5      | Found a radiant altar of Vehumet.
  5410 | D:5      | Found a runed translucent door.
  5410 | D:5      | Noticed greenbourne's ghost (novice SpWr)
  5426 | D:5      | Reached skill level 7 in Fighting
  5458 | D:5      | Killed greenbourne's ghost
  5885 | D:7      | Noticed Pikel
  5899 | D:7      | Killed Pikel
  5986 | D:7      | Noticed a manticore
  5992 | D:7      | Killed a manticore
  5993 | D:7      | Reached skill level 8 in Fighting
  6009 | D:7      | Reached *** piety under Qazlal
  6069 | D:7      | Reached XP level 10. HP: 88/88 MP: 10/10
  6691 | D:8      | You fall into a shaft and drop 2 floors!
  6691 | D:10     | Entered Level 10 of the Dungeon
  6811 | D:9      | Reached **** piety under Qazlal
  6822 | D:9      | Reached skill level 9 in Fighting
  6926 | D:9      | Found a white marble altar of Elyvilon.
  6926 | D:9      | Found a glowing golden altar of the Shining One.
  6954 | D:9      | Found a glowing silver altar of Zin.
  6955 | D:9      | Found a shimmering altar of Xom.
  7348 | D:8      | Found a snail-covered altar of Cheibriados.
  7875 | D:9      | Found a sparkling altar of Nemelex Xobeh.
  8027 | D:10     | Found Vaphelej's Jewellery Shop.
  8503 | D:10     | Found a broken altar of Ashenzari.
  8642 | D:10     | Found a staircase to the Lair.
  8714 | D:10     | Noticed a two-headed ogre
  8720 | D:10     | Killed a two-headed ogre
  8721 | D:10     | Reached XP level 11. HP: 98/99 MP: 9/11
  8806 | D:10     | Reached ***** piety under Qazlal
  8846 | D:10     | Reached skill level 10 in Fighting
  8875 | D:10     | Found an ancient bone altar of Kikubaaqudgha.
  8950 | Lair:1   | Entered Level 1 of the Lair of Beasts
  9038 | Lair:1   | Found a frozen archway.
  9068 | IceCv    | Entered an ice cave
  9277 | IceCv    | Noticed a white draconian
  9284 | IceCv    | Killed a white draconian
  9285 | IceCv    | Reached skill level 10 in Unarmed Combat
  9384 | IceCv    | Identified the ring of Noon {Fly rC+ Will+ Str-3}
  9688 | Lair:1   | Reached skill level 11 in Fighting
  9696 | Lair:1   | Reached XP level 12. HP: 110/110 MP: 12/12
 10039 | Lair:2   | Noticed a death yak
 10044 | Lair:2   | Noticed a death yak
 10044 | Lair:2   | Noticed a death yak
 10353 | Lair:3   | Reached ****** piety under Qazlal
 10401 | Lair:3   | Found a staircase to the Swamp.
 10483 | Lair:2   | Reached skill level 10 in Dodging
 10562 | Lair:2   | Killed a death yak
 10563 | Lair:2   | Reached skill level 12 in Fighting
 10584 | Lair:2   | Killed a death yak
 10644 | Lair:2   | Killed a death yak
 10780 | Lair:2   | Found a hole to the Spider Nest.
 11174 | Spider:1 | Entered Level 1 of the Spider Nest
 11174 | Spider:1 | Noticed an emperor scorpion
 11174 | Spider:1 | Noticed a demonic crawler
 11174 | Spider:1 | Noticed a demonic crawler
 11200 | Lair:1   | Killed an emperor scorpion
 11283 | Lair:3   | Noticed a five-headed hydra
 11288 | Lair:3   | Killed a five-headed hydra
 11289 | Lair:3   | Reached skill level 10 in Shapeshifting
 11289 | Lair:3   | Reached XP level 13. HP: 119/119 MP: 13/13
 11509 | Lair:3   | Found a large runed translucent door.
 11509 | Lair:3   | Found a large runed translucent door.
 11515 | Lair:3   | Noticed syranez's ghost (journeyman MiCA)
 11625 | Lair:3   | Killed syranez's ghost
 12092 | Lair:4   | Reached skill level 13 in Fighting
 12254 | Lair:4   | Noticed Josephine
 12259 | Lair:4   | Killed Josephine
 12746 | Lair:5   | Entered Level 5 of the Lair of Beasts
 12968 | Lair:5   | Paralysed by a hornet for 3 turns
 13134 | Lair:5   | Reached XP level 14. HP: 130/130 MP: 14/14
 13202 | Lair:5   | Found a viscous altar of Jiyva.
 13209 | Lair:5   | Found a staircase to the Slime Pits.
 13322 | Lair:5   | Identified the +3 dagger of Scorn {freeze, Str+5}
 13816 | Swamp:1  | Entered Level 1 of the Swamp
 13849 | Swamp:1  | HP: 2/156 [swamp dragon/blast of poison (17)]
 13850 | Swamp:1  | Killed from afar by a will-o-the-wisp

Illustrated notes

Levels and vault maps discovered:
D:1:      dpeg_arrival_lava_temple_mockup, layout_loops_ring
D:2:      layout_rooms
D:3:      layout_basic
D:4:      layout_basic, lemuel_blue_sif_altar, minmay_temple_entry_purple_smoke,
          serial_undead, serial_undead_c, serial_undead_b, serial_undead_e,
          serial_undead_e
D:5:      layout_loops_ring, nicolae_wu_jian_wuxing_cycle, vehumet_crystals,
          hellmonk_ghost_happy_afterlife,
          nicolae_concentric_dashed_squares_mild, dk_rats_in_the_wall
D:6:      layout_cave_pools, eat_drink_and_be_merry_uskayaw,
          mainiacjoe_overflow_concentric_impassable, portal_sewer_entry_a
D:7:      layout_basic, uniq_pikel
D:8:      layout_loops_ring, chei_slow_surprise
D:9:      layout_basic, good_gods_temple_1, lemuel_crystal_altar,
          nemelex_diamond_rough_becter, hex_tiny
D:10:     layout_loops_corners, nicolae_ashenzari_skybound, marbit_many_paths,
          lair_entry_dummy, serial_shops, nicolae_stop_n_shop_2, special_room
          [special_room_bee]
Temple:   dpeg_three_leaves_temple
Lair:1:   beast_lair_carwin_large_3, layout_misc_corridors,
          portal_ice_cave_demonic_guard
Lair:2:   layout_misc_corridors, dummy_spider_entry, special_room,
          grunt_megastairs_5
Lair:3:   layout_cave_pods, minmay_swamp_entry_eels,
          ebering_ghost_disaster_area, serial_bayou_shore_a, lemuel_fruit_fields
Lair:4:   layout_misc_corridors, st_stairs_11, uniq_josephine
Lair:5:   gammafunk_lair_ancient_temple, layout_misc_corridors,
          minmay_slime_entry_pillars
Swamp:1:  layout_falls_marsh, hangedman_swamp_lotus
Spider:1: layout_spider_delve, uniq_nikola

Skill      XL: |  1  2  3  4  5  6  7  8  9 10 11 12 13 |
---------------+----------------------------------------+-----
Dodging        | 2 3 4 5 6 8 9 10 11 | 11.7
Fighting       | 3 4 5 6 8 9 11 12 13 | 13.8
Unarmed Combat | 3 4 5 6 7 8 10 11 12 | 12.8
Shapeshifting  | 4 5 6 7 8 10 11 | 11.1

Action                     |  1- 3 |  4- 6 |  7- 9 | 10-12 | 13-15 || total
---------------------------+-------+-------+-------+-------+-------++-------
  Melee: Unarmed           |   108 |   195 |   253 |   507 |   268 ||  1331
         Tailslap          |     7 |    26 |    35 |    55 |       ||   123
         Punch             |     2 |     4 |    15 |    15 |       ||    36
         Constrict         |       |       |       |    62 |    48 ||   110
 Invoke: Upheaval          |       |       |       |     1 |       ||     1
Ability: Breathe Steam     |       |       |     9 |    11 |       ||    20
    Use: Scroll            |     4 |     5 |     4 |     6 |       ||    19
         Potion            |       |       |       |       |     1 ||     1
   Stab: Sleeping          |     1 |     3 |       |       |       ||     4
         Distracted        |       |       |       |       |     1 ||     1
 Armour: Skin              |    23 |    52 |    86 |   116 |    64 ||   341
  Dodge: Dodged            |    71 |   127 |   184 |   302 |   146 ||   830
         Repelled          |       |       |       |     9 |     3 ||    12
  Block: Other             |       |       |    17 |   137 |    78 ||   232
   Form: Anaconda          |       |       |       |     1 |       ||     1

Table legend: (Time is in decaauts)
 A = Elapsed time spent in this place.
 B = Non-inter-level travel time spent in this place.
 C = Inter-level travel time spent in this place.
 D = Time resting spent in this place.
 E = Time spent auto-exploring this place.
 F = Levels seen in this place.
 G = Mean time per level.
                   A        B        C        D        E       F      G
               +--------+--------+--------+--------+--------+-----+--------+
         Total |  13798 |  12928 |    870 |    120 |  10035 |  20 |  689.9 |
       Dungeon |   8182 |   7621 |    561 |      0 |   6134 |  10 |  818.2 |
        Temple |     31 |     20 |     11 |      0 |     13 |   1 |   31.0 |
          Lair |   4278 |   3980 |    298 |    120 |   3014 |   5 |  855.6 |
         Swamp |     29 |     29 |      0 |      0 |      3 |   1 |   29.0 |
   Spider Nest |      3 |      3 |      0 |      0 |      0 |   1 |    3.0 |
         Sewer |    786 |    786 |      0 |      0 |    598 |   1 |  786.0 |
      Ice Cave |    485 |    485 |      0 |      0 |    271 |   1 |  485.0 |
               +--------+--------+--------+--------+--------+-----+--------+

Top non-repeatable levels by time:
     D:4: 1242 daAuts
  Lair:3: 1133 daAuts
     D:3: 1034 daAuts
    D:10: 1000 daAuts
  Lair:5: 977 daAuts
     D:8: 839 daAuts
   Sewer: 786 daAuts
  Lair:4: 776 daAuts
  Lair:2: 771 daAuts
     D:1: 720 daAuts
     D:5: 712 daAuts
     D:2: 692 daAuts
     D:6: 674 daAuts
     D:9: 635 daAuts
     D:7: 630 daAuts
